Map: Oxide LE

Players

PtitDrogo - Winner!

  • Race: Protoss Protoss
  • Spawn Location: 7:00

milkicow

  • Race: Terran Terran
  • League: Grandmaster
  • Spawn Location: 1:00

Event: DreamHack SC2 Masters 2020 Winter

VOD

Have the link to the VOD?

Description

Time

  • Played on: Oct. 22, 2020, 12:14 p.m.
  • Length: 14:32

All games in this series

Show
View Real Time Build Order
Export as new Build Order

PtitDrogo Protoss - Winner!

Build Orders: 1 Gate Expand, Zealot Archon, Colossus Rush 

Get SALT Encoding   

  12  0:00  Probe  
  13  0:12  Probe  
  14  0:16  Pylon  
  14  0:24  Probe  
  15  0:34  Gateway  
  15  0:36  Probe (Chrono Boost)  
  16  0:46  Assimilator, Probe (Chrono Boost)  
  17  0:51  Probe (Chrono Boost)  
  18  1:03  Probe  
  19  1:15  Probe  
  20  1:22  Cybernetics Core  
  20  1:30  Nexus  
  20  1:42  Pylon  
  20  1:44  Probe  
  21  1:49  Assimilator  
  21  1:56  Probe  
  21  1:59  Stalker (Chrono Boost)  
  24  2:03  Shield Battery  
  24  2:09  Probe  
  25  2:20  Stalker (Chrono Boost)  
  25  2:21  Probe  
  27  2:34  Probe  
  27  2:36  Robotics Facility  
  28  2:47  Stalker (Chrono Boost)  
  30  2:55  Probe  
  30  2:57  Warp Gate (Chrono Boost)  
  31  2:59  Probe  
  32  3:07  Probe  
  32  3:11  Probe  
  34  3:19  Probe  
  34  3:21  Gateway x2  
  34  3:23  Probe  
  34  3:26  Observer (Chrono Boost)  
  36  3:31  Probe  
  36  3:32  Pylon  
  37  3:35  Probe  
  38  3:43  Observer  
  38  3:46  Probe (Chrono Boost)  
  40  3:49  Probe (Chrono Boost)  
  42  3:56  Pylon  
  42  3:59  Probe (Chrono Boost)  
  42  4:00  Robotics Bay, Probe (Chrono Boost)  
  43  4:04  Assimilator  
  43  4:07  Assimilator  
  43  4:09  Probe x2 (Chrono Boost)  
  45  4:11  Observer  
  46  4:21  Probe (Chrono Boost)  
  48  4:25  Probe (Chrono Boost)  
  48  4:27  Probe (Chrono Boost)  
  49  4:32  Probe  
  49  4:35  Probe  
  51  4:40  Stalker x3  
  51  4:44  Pylon, Probe  
  58  4:48  Probe  
  59  4:56  Probe  
  59  4:57  Gravitic Boosters  
  60  5:00  Probe  
  61  5:08  Probe  
  61  5:12  Probe  
  63  5:15  Nexus  
  63  5:20  Probe  
  64  5:23  Pylon  
  64  5:26  Probe  
  64  5:28  Twilight Council  
  65  5:29  Forge  
  65  5:32  Probe  
  66  5:36  Pylon  
  66  5:38  Probe  
  65  5:43  Stalker  
  65  5:44  Protoss Ground Weapons Level 1, Probe  
  65  5:45  Colossus (Chrono Boost)  
  72  5:50  Probe  
  72  5:52  Stalker  
  72  5:53  Stalker  
  72  5:54  Observer  
  72  5:56  Probe  
  78  6:01  Charge (Chrono Boost)  
  78  6:02  Probe  
  79  6:08  Probe  
  80  6:14  Probe  
  81  6:20  Probe  
  81  6:21  Extended Thermal Lance  
  82  6:26  Probe x2  
  82  6:30  Colossus (Chrono Boost)  
  82  6:32  Sentry  
  92  6:33  Probe  
  92  6:38  Probe x2  
  95  6:41  Pylon  
  96  6:47  Assimilator x2  
  95  7:04  Gateway  
  95  7:05  Observer  
  95  7:07  Gateway, Zealot x3  
  95  7:08  Photon Cannon, Gateway, Templar Archives  
  101  7:11  Gateway  
  101  7:17  Gateway  
  100  7:23  Probe  
  100  7:24  Observer  
  100  7:27  Probe  
  100  7:28  Warp Prism (Chrono Boost)  
  102  7:35  Blink  
  104  7:38  Nexus  
  104  7:40  Pylon  
  104  7:44  Probe  
  104  7:48  High Templar x2  
  104  7:49  Pylon  
  104  7:50  Pylon  
  108  7:52  Archon  
  108  7:55  Pylon x2  
  108  8:05  High Templar x2  
  112  8:08  Immortal (Chrono Boost)  
  112  8:09  Archon  
  112  8:10  Zealot x3  
  112  8:11  Zealot  
  124  8:21  Gateway x2  
  123  8:29  Zealot x2  
  123  8:33  Probe  
  123  8:34  Zealot x4  
  127  8:41  Immortal  
  127  8:46  Probe  
  132  8:50  High Templar x4  
  132  8:51  Pylon  
  132  8:53  Pylon  
  132  8:55  Archon x2  
  140  9:01  Zealot x2  
  140  9:07  Nexus  
  140  9:08  Pylon, Zealot x2  
  120  9:11  Probe  
  110  9:18  Zealot x2  
  110  9:21  Zealot x2  
  110  9:22  Zealot x4  
  110  9:24  Probe  
  121  9:30  Probe  
  101  9:34  Psionic Storm, Probe  
  101  9:36  Zealot x2  
  94  9:51  Disruptor (Chrono Boost)  
  94  9:56  Probe  
  94  9:59  Forge  
  98  10:00  High Templar x6, Forge  
  98  10:05  Observer  
  98  10:06  High Templar, Shield Battery  
  112  10:14  Probe  
  112  10:15  Shield Battery  
  112  10:18  Assimilator  
  112  10:20  Assimilator  
  113  10:24  Disruptor (Chrono Boost)  
  113  10:27  Observer  
  116  10:29  Probe  
  116  10:34  Probe x2  
  117  10:39  Photon Cannon, Shield Battery  
  117  10:41  Pylon  
  117  10:44  Zealot x2  
  117  10:46  Pylon, Probe  
  122  10:53  Disruptor (Chrono Boost)  
  122  10:54  Photon Cannon  
  125  11:02  Stalker x2  
  125  11:03  Zealot x3  
  131  11:12  Robotics Facility  
  131  11:15  Stalker x3  
  137  11:19  Disruptor (Chrono Boost)  
  130  11:39  Stalker x5, Zealot  
  142  11:40  Zealot x3  
  146  12:03  Zealot  
  146  12:04  Zealot x4  
  146  12:06  Archon  
  138  12:09  Zealot x2  
  138  12:10  Zealot  
  138  12:11  Zealot x2  
  138  12:14  Nexus  
  138  12:15  Pylon  
  113  12:29  Stalker x5  
  116  12:40  Disruptor x2 (Chrono Boost)  
  120  12:45  Probe x2  
  120  12:47  High Templar x3  
  128  12:52  Zealot x5  
  128  12:57  Pylon  
  138  12:59  Forge  
  138  13:15  High Templar x2  
  138  13:16  High Templar x4  
  150  13:21  Archon x3  
  150  13:24  Observer x2  
  149  13:35  Zealot x4  
  157  13:43  Forge  
  157  13:44  Disruptor (Chrono Boost)  
  157  13:47  Probe  
  164  13:50  Disruptor (Chrono Boost)  
  156  13:59  Probe  
  151  14:06  Stalker x2  
  151  14:07  Zealot x8  
Show
View Real Time Build Order
Export as new Build Order

milkicow Terran 

Build Orders:  

Get SALT Encoding   

  12  0:00  SCV  
  13  0:12  SCV  
  14  0:17  Supply Depot  
  14  0:24  SCV  
  15  0:39  SCV  
  15  0:40  Barracks  
  16  0:45  Refinery  
  16  0:51  SCV  
  16  0:55  Refinery  
  17  1:03  SCV  
  18  1:15  SCV  
  19  1:27  Orbital Command, Reaper  
  19  1:32  Supply Depot  
  20  1:44  Bunker  
  20  1:55  Factory  
  20  1:58  SCV  
  21  2:10  SCV  
  22  2:22  SCV, Reaper  
  24  2:35  SCV  
  25  2:44  Command Center  
  25  2:45  Hellion  
  25  2:47  SCV  
  27  2:59  SCV  
  27  3:03  Supply Depot  
  27  3:05  Starport  
  27  3:13  SCV  
  27  3:15  Widow Mine  
  30  3:25  SCV  
  31  3:37  Widow Mine, SCV  
  34  3:46  Starport Tech Lab  
  34  3:49  SCV  
  35  3:56  Orbital Command  
  35  3:59  Barracks Reactor  
  35  4:00  Factory Tech Lab  
  35  4:02  SCV  
  36  4:09  Cloaking Field  
  34  4:10  Banshee  
  34  4:14  SCV  
  38  4:21  Bunker  
  38  4:22  Siege Tank  
  38  4:23  SCV  
  42  4:26  SCV  
  43  4:35  Marine, SCV  
  43  4:36  Marine, Command Center  
  43  4:38  SCV  
  47  4:44  Supply Depot  
  47  4:47  SCV  
  47  4:50  SCV  
  49  4:53  Marine, Banshee  
  49  4:57  Marine  
  54  5:04  Supply Depot  
  54  5:05  SCV, Siege Tank  
  54  5:06  SCV  
  59  5:10  Supply Depot  
  59  5:11  Marine  
  60  5:20  SCV  
  58  5:23  SCV  
  58  5:25  Barracks x2  
  58  5:28  Marine  
  60  5:32  SCV  
  60  5:33  Marine, Refinery  
  60  5:34  Engineering Bay  
  60  5:35  SCV  
  63  5:44  SCV  
  63  5:46  Marine  
  63  5:47  SCV  
  63  5:50  Siege Tank, Marine  
  63  5:53  Orbital Command  
  63  5:56  SCV  
  68  5:59  SCV  
  68  6:03  Marine, Terran Infantry Weapons Level 1  
  70  6:07  Refinery  
  70  6:08  SCV  
  70  6:10  Starport Reactor  
  71  6:11  SCV  
  71  6:15  Barracks Tech Lab  
  71  6:17  Barracks  
  70  6:20  SCV  
  70  6:23  Hellion  
  74  6:26  Stimpack  
  74  6:27  Marine x2, Marauder  
  80  6:35  Combat Shield  
  80  6:36  Marauder  
  80  6:37  Barracks  
  79  6:44  SCV x3  
  79  6:45  Siege Tank  
  85  6:48  Marauder  
  85  6:54  Marine, Medivac  
  88  6:56  SCV x2, Orbital Command  
  88  6:59  Supply Depot  
  92  7:05  Supply Depot x2  
  92  7:06  Marine  
  93  7:13  Barracks Reactor  
  93  7:20  Medivac, SCV x2  
  93  7:21  Marauder x2  
  101  7:23  Marine  
  101  7:24  SCV  
  101  7:29  Supply Depot  
  101  7:31  Supply Depot  
  101  7:32  SCV x2  
  101  7:35  Marine  
  101  7:36  SCV  
  105  7:38  Barracks Reactor  
  105  7:41  Marine  
  105  7:42  Marauder x2  
  107  7:44  Medivac, Siege Tank, SCV  
  107  7:45  SCV  
  107  7:48  SCV  
  115  7:51  Marine x2  
  115  7:56  Missile Turret  
  115  7:57  SCV x2  
  119  7:58  Marine  
  119  8:00  Marine, Command Center  
  119  8:02  SCV  
  119  8:03  Marauder x2  
  125  8:07  Concussive Shells  
  125  8:09  SCV  
  125  8:10  Bunker, Refinery  
  125  8:12  Marine, Supply Depot  
  127  8:13  Refinery  
  127  8:16  Viking  
  127  8:18  Viking  
  130  8:25  Marauder x2  
  130  8:30  Marine  
  129  8:39  SCV  
  129  8:40  SCV x2  
  130  8:46  Marauder  
  132  8:48  Terran Infantry Armor Level 1  
  132  8:51  SCV  
  132  8:52  Marauder, SCV  
  132  8:53  Armory  
  136  9:03  Marine  
  136  9:07  Marauder  
  119  9:12  Marine  
  119  9:13  Marine x4, Marauder  
  119  9:15  SCV x2  
  114  9:17  SCV  
  114  9:21  Marine  
  109  9:27  SCV x2, Viking x2, Siege Tank  
  109  9:29  Marauder, SCV  
  109  9:30  Marine  
  109  9:31  Marine x4  
  111  9:34  Marauder  
  95  9:39  Marine, SCV x2  
  95  9:41  SCV  
  99  9:50  Marine, Marauder  
  99  9:51  SCV  
  97  9:54  SCV  
  97  9:55  Marine x2  
  97  9:56  Marauder  
  97  9:58  Engineering Bay  
  97  9:59  Siege Tank  
  105  10:02  Starport, SCV  
  105  10:05  Barracks Tech Lab  
  106  10:10  Missile Turret  
  106  10:12  Marauder  
  108  10:14  SCV  
  108  10:16  SCV  
  108  10:17  Marauder  
  108  10:18  SCV, Ghost Academy  
  113  10:24  Sensor Tower  
  113  10:26  Planetary Fortress  
  113  10:31  SCV, Terran Infantry Weapons Level 2  
  113  10:32  SCV  
  113  10:34  SCV  
  116  10:36  Marauder  
  118  10:43  SCV  
  118  10:44  SCV  
  118  10:46  SCV  
  118  10:47  Marauder  
  123  10:51  Marine  
  123  10:52  Marine, Marauder  
  123  10:55  SCV, Viking  
  123  10:56  SCV  
  131  10:58  SCV, Viking  
  131  10:59  Viking  
  137  11:04  SCV  
  137  11:06  Marauder  
  137  11:07  SCV  
  137  11:08  Marauder, SCV  
  137  11:09  Terran Ship Weapons Level 1  
  143  11:11  Enhanced Shockwaves  
  143  11:12  Ghost  
  143  11:17  SCV  
  146  11:19  Missile Turret, Supply Depot, SCV  
  146  11:22  SCV  
  146  11:24  SCV  
  146  11:25  Siege Tank  
  152  11:27  Marauder, Orbital Command  
  152  11:30  Marauder  
  134  11:41  Ghost  
  134  11:44  Marine x2  
  138  11:47  Marine  
  138  11:48  Marauder  
  138  11:50  Marine, Ghost  
  138  11:53  SCV  
  145  12:02  Marine x2  
  145  12:05  Marine  
  147  12:10  Marauder x2  
  147  12:15  SCV  
  145  12:17  Siege Tank, Viking, SCV  
  145  12:18  SCV  
  145  12:20  Marauder, SCV  
  155  12:27  Marine, SCV  
  155  12:29  SCV  
  156  12:34  Marauder  
  156  12:35  Marauder, Marine  
  154  12:38  Marine  
  154  12:43  SCV x4  
  151  12:44  Medivac  
  153  12:51  Command Center, Barracks  
  153  12:52  Barracks x2  
  153  12:55  Medivac  
  153  12:56  Marine  
  156  13:00  Marine x2  
  156  13:01  Supply Depot  
  156  13:02  Bunker  
  156  13:05  Missile Turret  
  156  13:06  Supply Depot  
  156  13:07  Marauder  
  156  13:08  Marauder  
  157  13:14  Marine  
  157  13:15  Marauder  
  157  13:18  Medivac, SCV  
  159  13:28  Marauder  
  159  13:30  Marauder  
  159  13:31  SCV  
  159  13:33  Siege Tank  
  159  13:34  SCV  
  166  13:35  Ghost  
  166  13:40  Supply Depot  
  166  13:41  Marine x3, Supply Depot  
  170  13:42  Barracks Tech Lab x3  
  170  13:44  Medivac  
  173  13:49  Ghost  
  173  13:53  Marauder  
  164  13:58  Marine  
  164  14:01  Marine x4  
  164  14:02  SCV  
  148  14:05  SCV x2  
  148  14:08  Supply Depot  
  149  14:17  Command Center  
Tags
 
Add a new tag
Caveats
  • Supply blocks, unpowered buildings, or Contaminate may cause inaccurate times.
  • Supply counts are checked every 10 seconds.